 Dungeon Crawl Stone Soup version 0.30-a0-591-g3c58d2bc28 (webtiles) character file.

Game seed: 15014850355160042898

32 bpung the Conjurer (level 3, -1/30 HPs)
             Began as a Meteoran Reaver on Jan 5, 2023.
             Slain by a hobgoblin (3 damage)
             ... led by Robin
             ... on level 2 of the Dungeon.
             The game lasted 00:04:52 (647 turns).

bpung the Conjurer (Meteoran Reaver)                 Turns: 647, Time: 00:04:53

Health: -1/30      AC:  6    Str: 15    XL:     3   Next: 64%
Magic:  8/8        EV: 12    Int: 14    God:
Gold:   31         SH:  0    Dex: 13    Spells: 5/8 levels left

rFire   . . .      SeeInvis .    a - +0 hand axe
rCold   . . .      Faith    .    (no shield)
rNeg    . . .      Spirit   .    b - +0 leather armour
rPois   .          Reflect  .    g - +1 helmet
rElec   .          Harm     .    (no cloak)
rCorr   .          Rampage  .    e - +0 pair of gloves
Will    .....                    (no boots)
Stlth   +                        (no amulet)
HPRegen 0.25/turn                (no ring)
MPRegen 0.11/turn                (no ring)

@: glowing
A: sense surroundings 1, otherworldly, glowing, explore regen
a: no special abilities


You were on level 2 of the Dungeon.
You visited 1 branch of the dungeon, and saw 2 of its levels.

You collected 31 gold pieces.

Inventory:

Hand Weapons
 a - a +0 hand axe (weapon)
Armour
 b - a +0 leather armour (worn)
 c - a +0 plate armour
 e - a +0 pair of gloves (worn)
 g - a +1 helmet (worn)
Scrolls
 f - a scroll of identify {unknown}
 j - a scroll of summoning {unknown}
Potions
 d - a potion of brilliance {unknown}
 h - a potion of degeneration {unknown}
 i - 2 potions of heal wounds {unknown}


   Skills:
 + Level 2.5 Fighting
 + Level 4.0 Axes
 + Level 1.1 Armour
 - Level 2.4 Dodging
 + Level 3.1 Spellcasting
 + Level 4.0 Conjurations


You had 5 spell levels left.
You knew the following spells:

 Your Spells              Type           Power      Damage    Failure   Level
a - Kiss of Death         Conj/Necr      28%        2d7       12%         1
b - Blink                 Tloc           4%         N/A       36%         2

Your spell library contained the following spells:

 Spells                   Type           Power      Damage    Failure   Level
 Momentum Strike          Conj/Tloc      14%        3d8       17%         2
 Hailstorm                Conj/Ice       7%         3d4       34%         3
 Manifold Assault         Tloc           2%         N/A       95%         4
 Passage of Golubria      Tloc           2%         N/A       95%         4
 Silence                  Hex/Air        1%         N/A       100%        5
 Storm Form               Tmut/Air       1%         N/A       100%        7
 Lehudib's Crystal Spear  Conj/Erth      3%         10d3      100%        8


Dungeon Overview and Level Annotations

Branches:
Dungeon (2/15) Zot: 544

Altars:

Annotations:
D:2 Robin


Innate Abilities, Weirdness & Mutations

You passively map a small area around you.
You are easily found by Zot.
You glow in the dark.
You regain HP and MP as you explore.


Message History

Robin is lightly wounded.
You closely miss the goblin. You hit the goblin. Robin barely misses you.
The goblin hits you but does no damage. x2
You barely miss Robin.
Robin is lightly wounded.
You hit the goblin. x2
You kill the goblin!
The goblin barely misses you.
You closely miss the hobgoblin. You closely miss the goblin.
You hit Robin but do no damage. The goblin hits you with a +0 dagger.
* * * LOW HITPOINT WARNING * * *
You barely miss the goblin. You hit Robin. You hit the hobgoblin.
You closely miss the goblin. Robin hits you but does no damage.
The hobgoblin hits you but does no damage.
The goblin hits you but does no damage. The goblin closely misses you.
You hit the goblin.
The goblin is heavily wounded.
You barely miss Robin. You hit the hobgoblin.
You kill the hobgoblin!
You barely miss the goblin. The goblin hits you but does no damage.
Robin hits you but does no damage.
The goblin no longer looks unusually strong.
The hobgoblin no longer looks unusually strong.
The hobgoblin hits you but does no damage.
Robin roars a battlecry!
The goblins go into a battle-frenzy!
The goblin hits you with a +0 club.
* * * LOW HITPOINT WARNING * * *
You hit the hobgoblin.
The hobgoblin is severely wounded.
You hit Robin but do no damage. You hit the goblin.
You kill the goblin!
You barely miss the goblin. The hobgoblin barely misses you.
Robin closely misses you. The goblin barely misses you.
You closely miss the hobgoblin.
The hobgoblin is severely wounded.
You hit Robin. You hit the goblin.
You kill the goblin!
Robin completely misses you. The hobgoblin hits you.
You die...

##.............#
.........>.###...#
##...........#...# * ,
, ##...<#####.#...## *
##.#)# #......, ** *
#.#.# #..... , , #...#
#.##.#*
#.#.#####.##g######.# ,
##.#.........)@g.....#
*
##...####.#.##)#####..#
##.###.###.#.##.# * *,
..## ##....#.##.# #.#
#.##.#.##.# * , #.##
##†##.#.##.. , ,,
##.###.###.#.#### , ,,
##...## #.#.. ,, ,
#).## #.#, , ,


You could see Robin and a hobgoblin (strong).

Vanquished Creatures
  A dart slug (D:1)
  3 bats
  An endoplasm (D:1)
  A giant cockroach (D:1)
  12 goblins
  2 hobgoblins (D:2)
  A quokka (D:1)
  3 ball pythons (D:1)
  2 kobolds
  A rat (D:1)
27 creatures vanquished.

Notes
Turn   | Place    | Note
-------+----------+-------------------------------------------
     0 | D:1      | bpung the Meteoran Reaver began the quest for the Orb.
     0 | D:1      | Reached XP level 1. HP: 17/17 MP: 5/5
   183 | D:1      | Reached XP level 2. HP: 24/24 MP: 6/6
   186 | D:1      | Learned a level 2 spell: Blink
   397 | D:1      | Found a faded altar of an unknown god.
   495 | D:1      | Glimpsed the power of Zot.
   545 | D:1      | Glimpsed the power of Zot.
   547 | D:1      | Reached XP level 3. HP: 28/30 MP: 6/8
   629 | D:2      | Noticed Robin
   633 | D:2      | Reached skill level 1 in Armour
   647 | D:2      | Slain by a hobgoblin

Illustrated notes

Levels and vault maps discovered:
D:1:      erik_arrival_blinker_ship, layout_basic, basic_ecumenical_altar,
          dreamdust_princess_bridge
D:2:      layout_loops_ring, uniq_robin, uniq_natasha

Skill      XL: |  1  2  3 |
---------------+----------+-----
Spellcasting   | 3 |  3.1
Armour         | 1 |  1.1
Conjurations   | 4 |  4.0
Axes           | 4 |  4.0
Fighting       | |  2.5
Dodging        | |  2.4

Action                   || total
-------------------------++-------
Melee: Hand axe          ||    73
       Punch             ||     1
  Use: Scroll            ||     4
Armor: Leather armour    ||    59
       Plate armour      ||     3
Dodge: Dodged            ||    67

Table legend: (Time is in decaauts)
 A = Elapsed time spent in this place.
 B = Non-inter-level travel time spent in this place.
 C = Inter-level travel time spent in this place.
 D = Time resting spent in this place.
 E = Time spent auto-exploring this place.
 F = Levels seen in this place.
 G = Mean time per level.
                   A        B        C        D        E       F      G
               +--------+--------+--------+--------+--------+-----+--------+
         Total |    654 |    622 |     32 |      0 |    338 |   2 |  327.0 |
       Dungeon |    654 |    622 |     32 |      0 |    338 |   2 |  327.0 |
               +--------+--------+--------+--------+--------+-----+--------+

Top non-repeatable levels by time:
     D:1: 576 daAuts
     D:2: 78 daAuts
